 Dungeon Crawl Stone Soup version 0.31-a0-216-g22e908daa7 (webtiles) character file.

Game seed: 8682837180119451478

340 qw the Chopper (level 6, -3/38 HPs)
             Began as a Gargoyle Fighter on July 2, 2023.
             Killed by divine providence
             ... invoked by an orc priest
              (12 damage)
             ... on level 3 of the Dungeon.
             The game lasted 00:01:14 (2792 turns).

qw the Chopper (Gargoyle Fighter)                   Turns: 2792, Time: 00:01:15

Health: -3/38      AC: 11    Str: 21    XL:     6   Next: 56%
Magic:  6/6        EV: 14    Int:  9    God:
Gold:   80         SH:  4    Dex:  9    Spells: 5/5 levels left

rFire   . . .        Y - +0 war axe
rCold   . . .        c - +0 buckler
rNeg    + . .        b - +0 scale mail
rPois   inf          (no helmet)
rElec   +            (no cloak)
rCorr   .            (no gloves)
SInv    .            (no boots)
Will    .....        (no amulet) Stlth
                     j - +5 ring of evasion
HPRegen 0.26/turn    (no ring)
MPRegen 0.10/turn

%: no passive effects
@: no status effects
A: sickness immunity, AC +4, negative energy resistance 1, electricity
resistance, torment resistance 1, petrification resistance
a: no special abilities


You were on level 3 of the Dungeon.
You visited 1 branch of the dungeon, and saw 3 of its levels.

You collected 80 gold pieces.


Innate Abilities, Weirdness & Mutations

You are immune to sickness and miasma.
Your stone body is resilient. (AC +4)
You are immune to poison.
You resist negative energy. (rN+)
You are resistant to electric shocks. (rElec)
You are resistant to unholy torment.
You are immune to petrification.


   Skills:
 + Level 3.8 Fighting
 - Level 5.9 Axes
 - Level 3.2 Armour
 - Level 3.2 Shields


You had 5 spell levels left.
You didn't know any spells.
Your spell library was empty.

Inventory:

Hand Weapons
 r - a +1 heavy morningstar
 Y - a +0 war axe (weapon)
Missiles
 n - 3 boomerangs (quivered)
Armour
 b - a +0 scale mail (worn)
 c - a +0 buckler (worn)
 e - a +0 pair of gloves
 o - a +0 helmet
Jewellery
 h - an amulet of faith
 j - a +5 ring of evasion (left hand)
Potions
 a - a potion of lignification {unknown}
 d - a potion of might
 f - a potion of degeneration {unknown}
 g - 2 potions of haste
 i - a potion of enlightenment {unknown}
 k - a potion of brilliance {unknown}
 l - a potion of heal wounds {unknown}
 m - a potion of magic {unknown}
 p - a potion of invisibility {unknown}
 q - a potion of cancellation {unknown}

Dungeon Overview and Level Annotations

Branches:
Dungeon (3/15)

Altars:
Vehumet


Message History

The orc priest is severely wounded.
You hit the orc priest.
The orc priest hits you with a +0 dagger.
The orc priest misses you.
You closely miss the orc priest.
The orc priest is severely wounded.
You closely miss the orc priest. You hit the orc.
The orc priest barely misses you.
The orc priest hits you but does no damage.
The orc barely misses you. The orc priest barely misses you.
The orc misses you. You block the orc priest's attack.
You barely miss the orc priest.
The orc priest is severely wounded.
You slash the orc!
You kill the orc!
You hit the orc priest.
The orc priest calls down the wrath of Beogh upon you.
Beogh smites you!
The orc priest calls down the wrath of Beogh upon you.
Beogh smites you!
You barely miss the orc priest.
The orc priest is severely wounded.
You closely miss the orc priest. The orc priest misses you.
The orc priest closely misses you.
You slash the orc priest!
You kill the orc priest!
You hit the orc priest.
The orc priest hits you with a +0 short sword.
You closely miss the orc priest.
The orc priest is almost dead.
You block the orc priest's attack.
You barely miss the orc priest.
The orc priest is almost dead.
The orc priest closely misses you.
The orc priest hits you but does no damage.
You closely miss the orc priest.
The orc priest is almost dead.
The orc priest mumbles some strange prayers to Beogh against you.
Beogh smites you!
You die...

##.#.##.#.###.#
#.>....#.# ##..####.#
#..# #.# #..# #.#
####..####.##
.$........<#
##..#####o####..
####+####.....@)......
.......+..####)######
#...#.##.####.## #
#._.#.#........#
#.#.[.#.##.#######
+.......'..#
######'#####.#
.........# #.#
.#.####### #.#


You could see an orc priest.

Vanquished Creatures
  Sigmund (D:3)
  A hound (D:2)
  An orc priest (D:3)
  Jessica (D:2)
  An adder (D:3)
  2 dart slugs
  2 worms (D:2)
  5 orcs (D:3)
  6 endoplasms
  4 giant cockroaches
  7 goblins
  3 hobgoblins
  3 quokkas
  7 ball pythons
  4 bats
  6 kobolds
  8 rats
62 creatures vanquished.

Notes
Turn   | Place    | Note
-------+----------+-------------------------------------------
     0 | D:1      | qw the Gargoyle Fighter began the quest for the Orb.
     0 | D:1      | Reached XP level 1. HP: 14/14 MP: 1/1
     0 | D:1      | 0 ||| qw: Version: 0.3-a-35-g05ef00e
     0 | D:1      | 0 ||| qw: Game counter: 7804
     0 | D:1      | 0 ||| qw: Melee chars always use a shield: true
     0 | D:1      | 0 ||| qw: God list: Okawaru
     0 | D:1      | 0 ||| qw: Allow faded altars: false
     0 | D:1      | 0 ||| qw: Do Orc after clearing Dungeon:15 true
     0 | D:1      | 0 ||| qw: Do second Lair branch before Depths: true
     0 | D:1      | 0 ||| qw: Lair rune preference: random
     0 | D:1      | 0 ||| qw: Goals: Normal, Zot:1-4, Slime:5, God:TSO, Crypt,
                  | Tomb, Abyss, Pan, Hells, Win
     0 | D:1      | 0 ||| PLANNING D:1-11
    72 | D:1      | 72 ||| Stepping ~*~*~tactically~*~*~ (hiding).
    83 | D:1      | Reached skill level 2 in Axes
   175 | D:1      | Reached XP level 2. HP: 19/19 MP: 2/2
   315 | D:1      | 315 ||| Stepping ~*~*~tactically~*~*~ (stealth).
   511 | D:1      | Reached skill level 3 in Axes
   599 | D:1      | 599 ||| Stepping ~*~*~tactically~*~*~ (hiding).
   601 | D:1      | 601 ||| Stepping ~*~*~tactically~*~*~ (hiding).
   609 | D:1      | Reached XP level 3. HP: 23/23 MP: 3/3
   755 | D:1      | You fall into a shaft and drop 1 floor!
   787 | D:2      | 787 ||| Stepping ~*~*~tactically~*~*~ (hiding).
   808 | D:2      | 808 ||| Stepping ~*~*~tactically~*~*~ (stealth).
   843 | D:2      | Noticed Jessica
   845 | D:2      | 845 ||| Stepping ~*~*~tactically~*~*~ (hiding).
   846 | D:2      | 846 ||| Stepping ~*~*~tactically~*~*~ (hiding).
   852 | D:2      | Killed Jessica
   856 | D:2      | HP: 1/23 [frozen (5)]
   890 | D:2      | Reached XP level 4. HP: 9/28 MP: 4/4
   977 | D:2      | 977 ||| READING scroll labelled FOTEYNACOIL.
   978 | D:2      | 978 ||| READING scroll labelled NOQUZU JUENWA JOKH.
   982 | D:2      | 982 ||| READING scroll labelled BUD MAKKEJUIG.
  1617 | D:1      | 1617 ||| READING scroll labelled TEIMUT RULUIC.
  1618 | D:1      | 1618 ||| DRINKING 3 grey potions.
  1744 | D:2      | Found a faded altar of an unknown god.
  1807 | D:2      | Reached skill level 4 in Axes
  1851 | D:2      | 1851 ||| Stepping ~*~*~tactically~*~*~ (hiding).
  2149 | D:2      | 2149 ||| UPGRADING to +5 ring of evasion.
  2150 | D:2      | 2150 ||| DRINKING 2 sapphire potions.
  2255 | D:2      | 2255 ||| DROPPING potion of berserk rage.
  2329 | D:3      | 2329 ||| Stepping ~*~*~tactically~*~*~ (stealth).
  2336 | D:3      | Reached XP level 5. HP: 31/32 MP: 5/5
  2353 | D:3      | 2353 ||| Stepping ~*~*~tactically~*~*~ (stealth).
  2354 | D:3      | 2354 ||| Stepping ~*~*~tactically~*~*~ (stealth).
  2366 | D:3      | Identified the +2 mace of Lekkul {flame, rF+ SInv}
  2368 | D:3      | 2368 ||| DROPPING +0 whip.
  2378 | D:3      | Noticed Sigmund
  2388 | D:3      | HP: 7/32 [Sigmund/+6 scythe of protection (14)]
  2393 | D:3      | Killed Sigmund
  2394 | D:3      | Reached skill level 5 in Axes
  2394 | D:3      | Reached XP level 6. HP: 6/37 MP: 6/6
  2694 | D:3      | 2694 ||| Stepping ~*~*~tactically~*~*~ (hiding).
  2695 | D:3      | 2695 ||| Stepping ~*~*~tactically~*~*~ (hiding).
  2718 | D:3      | 2718 ||| DROPPING +2 mace of Lekkul {flame, rF+ SInv}.
  2764 | D:3      | Found a radiant altar of Vehumet.
  2787 | D:3      | HP: 8/37 [orc priest/divine providence (12)]
  2792 | D:3      | Killed from afar by an orc priest

Levels and vault maps discovered:
D:1:      scummos_arrival_forest, layout_basic, serial_forest,
          infiniplex_forest_fountain, infiniplex_forest_straight_3,
          infiniplex_forest_lined_1, infiniplex_forest_join,
          infiniplex_forest_clump_medium, infiniplex_forest_lined_room_2,
          infiniplex_forest_straight_4, infiniplex_forest_clump_double
D:2:      layout_loops_ring, ebering_ecumenical_altar_mist,
          corexii_leaking_fountain, kennysheep_nub, kennysheep_generic_room_9,
          uniq_jessica
D:3:      minmay_skewed_foursquare, layout_basic, tgw_xom, lemuel_doored_altar,
          mainiacjoe_overflow_six_doors_small, nrook_uturn,
          serial_bayou_lagoon_a, uniq_sigmund

Skill      XL: |  1  2  3  4  5 |
---------------+----------------+-----
Axes           | 2 3 4 5 |  5.9
Fighting       | |  3.8
Armour         | |  3.2
Shields        | |  3.2

Action                     |  1- 3 |  4- 6 || total
---------------------------+-------+-------++-------
  Melee: War axe           |    65 |   111 ||   176
  Throw: Boomerang         |       |     9 ||     9
    Use: Scroll            |       |     4 ||     4
         Potion            |       |     2 ||     2
 Armour: Scale mail        |    23 |    39 ||    62
  Dodge: Dodged            |    23 |    64 ||    87
  Block: Buckler           |     8 |    16 ||    24

Table legend:
 A = Non-vault XP
 B = Vault XP
 C = Vault XP percentage of total XP
 D = Non-vault monster count
 E = Vault monster count
 F = Vault count percentage of total count
                 A         B        C        D         E       F
            +---------+---------+-------+---------+---------+-------
      Total |     207 |     280 |  57.5 |      60 |       2 |   3.2
            +---------+---------+-------+---------+---------+-------
        D:1 |      41 |       0 |   0.0 |      25 |       0 |   0.0
        D:2 |      80 |      37 |  31.6 |      20 |       1 |   4.8
        D:3 |      86 |     243 |  73.9 |      15 |       1 |   6.2
            +---------+---------+-------+---------+---------+-------
